 Dungeon Crawl Stone Soup version 0.30.1-11-g7821555f0a (webtiles) character file.

Game seed: 15974725864235473756

280 fireball365 the Chopper (level 6, -7/53 HPs)
             Began as a Hill Orc Fighter on Nov 21, 2023.
             Mangled by a gnoll
             ... wielding a +0 flail
              (9 damage)
             ... on level 4 of the Dungeon.
             The game lasted 00:05:40 (2322 turns).

fireball365 the Chopper (Hill Orc Fighter)          Turns: 2322, Time: 00:05:43

Health: -7/53      AC: 11    Str: 21    XL:     6   Next: 27%
Magic:  6/6        EV:  8    Int:  8    God:
Gold:   179        SH:  9    Dex: 10    Spells: 5/5 levels left

rFire   . . .        a - +0 war axe
rCold   . . .        c - +0 buckler
rNeg    . . .        l - +0 chain mail
rPois   .            (no helmet)
rElec   .            (no cloak)
rCorr   .            (no gloves)
SInv    .            h - +1 pair of boots
Will    .....        g - amulet of reflection Stlth
                     (no ring)
HPRegen 0.28/turn    (no ring)
MPRegen 0.10/turn

%: reflection
@: silenced, weak-willed
A: no striking features
a: no special abilities


You were on level 4 of the Dungeon.
You visited 1 branch of the dungeon, and saw 4 of its levels.

You collected 179 gold pieces.

Inventory:

Hand Weapons
 a - a +0 war axe (weapon)
Armour
 b - a +0 scale mail
 c - a +0 buckler (worn)
 h - a +1 pair of boots (worn)
 l - a +0 chain mail (worn)
Jewellery
 g - an amulet of reflection (around neck)
Scrolls
 e - 3 scrolls of enchant armour
 n - a scroll of fear
 o - a scroll of summoning {unknown}
 q - a scroll of noise {unknown}
Potions
 d - a potion of might
 k - a potion of curing {unknown}
 m - a potion of lignification


   Skills:
 + Level 4.7 Fighting
 + Level 5.5 Axes
 + Level 4.2 Armour
 + Level 1.0 Dodging
 + Level 0.5 Stealth
 + Level 4.2 Shields


You had 5 spell levels left.
You didn't know any spells.
Your spell library contained the following spells:

 Spells                   Type           Power      Damage    Failure   Level
 Cigotuvi's Dreadful Rot  Necr/Pois/Air  0%         N/A       99%         2
 Ignite Poison            Fire/Tmut/Pois 0%         N/A       100%        3
 Freezing Cloud           Conj/Ice/Air   0%         6-21      100%        5


Dungeon Overview and Level Annotations

Branches:
Dungeon (4/15)
 Temple: D:4-7

Altars:

Annotations:
D:4 1 runed translucent door, Hooloovoo's ghost, amateur MiFi


Message History

The gnoll hits you from afar with a +0 spear!
You block the hobgoblin's attack. You block the gnoll's attack.
The goblin hits you with a +0 dagger.
The gnoll hits you from afar with a +0 spear.
You block the hobgoblin's attack. The gnoll hits you but does no damage.
The goblin hits you but does no damage.
A quokka comes into view.
You block the gnoll's attack. The hobgoblin misses you.
You block the gnoll's attack. The goblin hits you but does no damage.
A quokka comes into view.
You block the gnoll's attack.
The hobgoblin hits you but does no damage.
You block the gnoll's attack. The goblin hits you but does no damage.
You block the gnoll's attack. The hobgoblin closely misses you.
The gnoll completely misses you. The goblin hits you but does no damage.
The gnoll hits you but does no damage. You block the gnoll's attack.
You block the hobgoblin's attack.
The gnoll hits you from afar with a +0 halberd!
The goblin closely misses you. The gnoll barely misses you.
The hobgoblin closely misses you. The gnoll completely misses you.
The gnoll hits you from afar with a +0 halberd.
* * * LOW HITPOINT WARNING * * *
The gnoll hits you but does no damage. You block the goblin's attack.
The gnoll completely misses you. The hobgoblin closely misses you.
You block the gnoll's attack. The gnoll barely misses you.
The gnoll hits you with a +0 flail.
* * * LOW HITPOINT WARNING * * *
You block the goblin's attack.
The gnoll hits you from afar with a +0 spear.
* * * LOW HITPOINT WARNING * * *
The hobgoblin completely misses you. The gnoll barely misses you.
You block the gnoll's attack. x2; The goblin hits you but does no damage.
You block the gnoll's attack. The quokka closely misses you.
The hobgoblin hits you but does no damage.
The gnoll hits you from afar with a +0 spear.
* * * LOW HITPOINT WARNING * * *
The gnoll hits you but does no damage. The goblin hits you but does no damage.
The gnoll hits you with a +0 flail!
You die...

... ..
... ..
... #?
## ...
#. ..
...
###.
.# ...
... .#
###
#g#g##
#@g.#
#.#rg#
...


gg... #.##. ....... # .. ..###.# .. ... # #.. ..## ##. ..# You could see 4
gnolls, a quokka, a hobgoblin and a goblin.

Vanquished Creatures
  A black bear (D:4)
  A sleepcap (D:4)
  3 gnolls (D:2)
  5 adders (D:3)
  3 worms
  A dart slug (D:3)
  2 orcs (D:3)
  6 ball pythons
  5 endoplasms
  A giant cockroach (D:3)
  13 goblins
  12 hobgoblins
  3 jackals (D:3)
  5 kobolds
  3 quokkas
  3 bats
  3 frilled lizards (D:3)
  5 rats
75 creatures vanquished.

Notes
Turn   | Place    | Note
-------+----------+-------------------------------------------
     0 | D:1      | fireball365 the Hill Orc Fighter began the quest for the
                  | Orb.
     0 | D:1      | Reached XP level 1. HP: 19/19 MP: 1/1
   103 | D:1      | Reached XP level 2. HP: 27/27 MP: 2/2
   296 | D:1      | Reached skill level 3 in Axes
   431 | D:1      | Reached XP level 3. HP: 33/33 MP: 3/3
   910 | D:2      | Found a faded altar of an unknown god.
  1186 | D:2      | Reached XP level 4. HP: 40/40 MP: 4/4
  1269 | D:2      | Reached skill level 4 in Axes
  1651 | D:3      | Reached XP level 5. HP: 31/47 MP: 5/5
  1971 | D:3      | Identified the +1 leather armour "Enyzall" {rElec Stlth+}
  2231 | D:4      | Reached skill level 5 in Axes
  2232 | D:4      | Found a runed translucent door.
  2248 | D:4      | Noticed Hooloovoo's ghost (amateur MiFi)
  2267 | D:4      | Noticed a black bear
  2285 | D:4      | Killed a black bear
  2286 | D:4      | Reached skill level 1 in Dodging
  2286 | D:4      | Reached XP level 6. HP: 38/53 MP: 6/6
  2322 | D:4      | HP: 2/53 [gnoll/+0 spear (6)]
  2322 | D:4      | Mangled by a gnoll

Illustrated notes

Levels and vault maps discovered:
D:1:      dpeg_arrival_morbid_curiosity, layout_basic
D:2:      layout_basic, basic_ecumenical_altar
D:3:      layout_basic
D:4:      layout_loops_cross, ebering_ghost_sewer_d, nicolae_ossuary_entry_plus,
          uniq_robin

Skill      XL: |  1  2  3  4  5 |
---------------+----------------+-----
Axes           | 3 4 5 |  5.5
Fighting       | 4 |  4.7
Shields        | 4 |  4.2
Armour         | 4 |  4.2
Dodging        | 1 |  1.0
Stealth        | |  0.5

Action                     |  1- 3 |  4- 6 || total
---------------------------+-------+-------++-------
  Melee: War axe           |    79 |   114 ||   193
    Use: Scroll            |       |     7 ||     7
 Armour: Scale mail        |    43 |     1 ||    44
         Chain mail        |       |    89 ||    89
  Dodge: Dodged            |    37 |    58 ||    95
  Block: Buckler           |    41 |   100 ||   141
